 Dungeon Crawl Stone Soup version 0.26-a0-651-gb41185065b (webtiles) character file.

Game seed: 304840407481267373

1045 loralnil the Insei (level 8, 0/67 HPs)
             Began as a Grey Draconian Transmuter on Oct 13, 2020.
             Was an Initiate of Dithmenos.
             Slain by an orc warrior
             ... wielding a +0 flail
              (18 damage)
             ... on level 6 of the Dungeon.
             The game lasted 00:10:52 (5272 turns).

loralnil the Insei (Grey Draconian Transmuter)      Turns: 5272, Time: 00:10:52

Health: 0/67       AC:  2    Str: 13    XL:     8   Next: 4%
Magic:  12/14      EV: 22    Int: 14    God:    Dithmenos [......]
Gold:   187        SH:  0    Dex: 18    Spells: 5/15 levels left

rFire    . . .     SeeInvis .     - Unarmed
rCold    . . .     Faith    .   (shield currently unavailable)
rNeg     . . .     Spirit   .   (armour unavailable)
rPois    x         Reflect  .   (helmet currently unavailable)
rElec    .         Harm     .   (cloak currently unavailable)
rCorr    .         Rampage  .   (gloves currently unavailable)
MR       .....                  (boots currently unavailable)
Stlth    ++........             l - amulet of regeneration
HPRegen  0.61/turn              (no ring)
MPRegen  0.14/turn              (no ring)

@: spider-form (expiring)
A: tiny, (walk through water), unfitting armour, AC +11
a: End Transformation, Renounce Religion


You were on level 6 of the Dungeon.
You worshipped Dithmenos.
Dithmenos was noncommittal.
You were a venomous arachnid creature.
You visited 2 branches of the dungeon, and saw 7 of its levels.

You collected 187 gold pieces.

Inventory:

Armour
 o - a +0 cloak (melded)
Jewellery
 k - an uncursed amulet of guardian spirit
 l - an amulet of regeneration (around neck)
Wands
 j - a wand of random effects (43)
Scrolls
 b - a scroll of enchant armour {unknown}
 c - 2 scrolls of teleportation
 d - 2 scrolls of amnesia {unknown}
 h - 3 scrolls of identify {unknown}
 i - a scroll of remove curse {unknown}
Potions
 a - 3 potions of brilliance {unknown}
 e - 5 potions of stabbing {unknown}
 f - a potion of mutation {unknown}
 g - 2 potions of resistance {unknown}
 m - a potion of berserk rage {unknown}
 n - a potion of degeneration {unknown}


   Skills:
 + Level 4.3 Fighting
 + Level 4.0 Dodging
 + Level 5.0 Unarmed Combat
 + Level 4.1 Spellcasting
 + Level 4.5 Transmutations
 - Level 2.0 Poison Magic


You had 5 spell levels left.
You knew the following spells:

 Your Spells              Type           Power        Failure   Level
a - Beastly Appendage     Tmut           ###...       11%         1
b - Wereblood             Tmut           ###.....     14%         2
c - Spider Form           Tmut/Pois      ##........   34%         3
d - Ice Form              Ice/Tmut       #.......     78%         4

Your spell library contained the following spells:

 Spells                   Type           Power        Failure   Level
 Blade Hands              Tmut           ###.......   82%         5


Dungeon Overview and Level Annotations

Branches:
Dungeon (6/15)             Temple (1/1) D:5

Altars:
Ashenzari
Dithmenos
Gozag
Kikubaaqudgha
Makhleb
Nemelex Xobeh
Ru
Uskayaw
Wu Jian
Yredelemnul

Annotations:
D:5 Menkaure


Innate Abilities, Weirdness & Mutations

((You can walk through water.))
((Your dull iron-grey scales are very hard. (AC +11)))
You cannot fit into any form of body armour.
((You can survive without breathing.))
((You are cold-blooded and may be slowed by cold attacks.))


Message History

You resist with some effort.
You hit the orc warrior but do no damage.
The orc warrior is poisoned.
The orc warrior is lightly wounded.
The orc warrior completely misses you.
You bite the orc warrior!
The orc warrior looks as sick as possible!
The orc warrior is severely wounded.
The orc warrior hits you with a +0 flail!!
The orc wizard hits you with a +0 dagger.
The orc hits you with a +0 club.
* * * LOW HITPOINT WARNING * * *
The orc wizard hits you with a +0 dagger.
* * * LOW HITPOINT WARNING * * *
Things that are here:
a +0 flail; a +0 ring mail You hit the orc wizard.
The orc wizard is moderately wounded.
The orc warrior hits you with a +0 flail!!
You die...

## # ..## ###.#
...###########....#
#................#
#.......?..o....#
#..........s....#
#.........ooo...#
##...............#
###....#######..#
##.....## .#
###...#### #
###...### ##...###
...###


You could see an orc warrior (extremely poisoned), 2 orc wizards and an orc.

Vanquished Creatures
  Grinder (D:5)
  Sigmund (D:2)
  Duvessa (D:5)
  An orc warrior (D:4)
  Dowan (D:5)
  A jelly (D:3)
  A hound (D:2)
  Crazy Yiuf (D:5)
  An orc wizard (D:4)
  Ijyb (D:3)
  3 worker ants
  A hound zombie (D:4)
  Robin (D:3)
  5 adders
  A shadow imp (D:5)
  3 white imps (D:5)
  An adder zombie (D:4)
  3 worms
  3 dart slugs
  7 leopard geckos
  8 orcs
  2 ball pythons
  5 giant cockroaches
  12 hobgoblins
  5 kobolds
  3 quokkas (D:3)
  3 bats
  5 frilled lizards
  16 goblins
  A jackal skeleton (D:5)
  A quokka skeleton (D:6)
  4 rats
103 creatures vanquished.

Notes
Turn   | Place    | Note
-------+----------+-------------------------------------------
     0 | D:1      | loralnil the Draconian Transmuter began the quest for the
                  | Orb.
     0 | D:1      | Reached XP level 1. HP: 16/16 MP: 3/3
   136 | D:1      | Reached XP level 2. HP: 23/23 MP: 3/5
   140 | D:1      | Learned a level 2 spell: Wereblood
   634 | D:1      | Reached XP level 3. HP: 29/29 MP: 4/6
   639 | D:1      | Learned a level 3 spell: Spider Form
  1314 | D:2      | Noticed Sigmund
  1327 | D:2      | Reached XP level 4. HP: 18/36 MP: 3/7
  1328 | D:2      | Killed Sigmund
  1328 | D:2      | Reached skill level 1 in Poison Magic
  1328 | D:2      | Reached XP level 5. HP: 14/42 MP: 3/9
  2312 | D:3      | Reached XP level 6. HP: 21/50 MP: 8/10
  2626 | D:3      | Reached skill level 4 in Unarmed Combat
  2716 | D:3      | Noticed Robin
  2736 | D:3      | Killed Robin
  2878 | D:3      | Noticed Ijyb
  2892 | D:3      | Killed Ijyb
  3265 | D:4      | Found a sacrificial altar of Ru.
  3286 | D:4      | Found an opulent altar of Gozag.
  3289 | D:4      | Found a burning altar of Makhleb.
  3292 | D:4      | Found an ancient bone altar of Kikubaaqudgha.
  3382 | D:4      | Noticed an orc warrior
  3405 | D:4      | Killed an orc warrior
  3660 | D:4      | Your scales start taking on a dull iron-grey colour.
  3660 | D:4      | Reached XP level 7. HP: 50/57 MP: 10/12
  3660 | D:4      | Gained mutation: You can survive without breathing. [Grey
                  | Draconian growth]
  3669 | D:4      | Learned a level 4 spell: Ice Form
  4067 | D:5      | Entered Level 5 of the Dungeon
  4121 | D:5      | Found a broken altar of Ashenzari.
  4286 | D:5      | Found a staircase to the Ecumenical Temple.
  4325 | Temple   | Entered the Ecumenical Temple
  4341 | Temple   | Became a worshipper of Dithmenos the Shadowed
  4390 | D:5      | Noticed Grinder
  4398 | D:5      | Paralysed by Grinder for 6 turns
  4409 | D:5      | Paralysed by Grinder for 5 turns
  4420 | D:5      | Paralysed by Grinder for 6 turns
  4432 | D:5      | Paralysed by Grinder for 6 turns
  4453 | D:5      | Killed Grinder
  4507 | D:5      | Found a hide-covered altar of Uskayaw.
  4513 | D:5      | Noticed Duvessa
  4513 | D:5      | Noticed Dowan
  4524 | D:5      | Killed Duvessa
  4537 | D:5      | Killed Dowan
  4605 | D:5      | Noticed Menkaure
  4804 | D:5      | Reached XP level 8. HP: 60/66 MP: 14/14
  4982 | D:5      | Found a runed translucent door.
  4983 | D:5      | Noticed Crazy Yiuf
  4993 | D:5      | Killed Crazy Yiuf
  4993 | D:5      | Reached skill level 5 in Unarmed Combat
  5272 | D:6      | Slain by an orc warrior

Illustrated notes

Levels and vault maps discovered:
D:1:      dpeg_arrival_tiny_a, layout_loops_ring
D:2:      layout_basic, uniq_sigmund
D:3:      layout_loops_corners, uniq_ijyb, uniq_robin
D:4:      layout_basic, grunt_temple_overflow_diamond,
          chequers_serial_rivers_micro_a, nicolae_ru_path_of_blood
D:5:      layout_basic, nicolae_overflow_hidden_temple, temple_doors_e,
          evilmike_ruin_ashenzari, uniq_crazy_yiuf_cottage, uniq_grinder,
          uniq_duvessa, uniq_menkaure
D:6:      layout_cave_pods, amethyst_overflow_temple_binary
Temple:   jpeg_temple_clearing

Skill      XL: |  1  2  3  4  5  6  7  8 |
---------------+-------------------------+-----
Dodging        | 2 3 4 |  4.0
Fighting       | 2 3 4 |  4.3
Transmutations | 3 4 |  4.5
Poison Magic   | 1 2 |  2.0
Spellcasting   | 3 4 |  4.1
Unarmed Combat | 4 5 |  5.0

Action                   |  1- 3 |  4- 6 |  7- 9 || total
-------------------------+-------+-------+-------++-------
Melee: Unarmed           |    84 |   144 |   116 ||   344
       Tailslap          |     6 |    11 |    11 ||    28
       Headbutt          |    11 |    16 |     8 ||    35
       Kick              |     6 |    25 |    18 ||    49
       Punch             |       |     2 |     4 ||     6
 Cast: Beastly Appendage |    24 |    21 |    14 ||    59
       Spider Form       |     1 |     2 |     4 ||     7
       Wereblood         |       |     1 |       ||     1
  Use: Scroll            |       |       |     1 ||     1
 Stab: Sleeping          |     1 |       |       ||     1
Armor: Skin              |    18 |    14 |    29 ||    61
Dodge: Dodged            |    64 |    80 |    61 ||   205

Table legend: (Time is in decaauts)
 A = Elapsed time spent in this place.
 B = Non-inter-level travel time spent in this place.
 C = Inter-level travel time spent in this place.
 D = Time resting spent in this place.
 E = Time spent auto-exploring this place.
 F = Levels seen in this place.
 G = Mean time per level.
                   A        B        C        D        E       F      G
               +--------+--------+--------+--------+--------+-----+--------+
         Total |   5245 |   5119 |    126 |    241 |   4003 |   7 |  749.3 |
       Dungeon |   5210 |   5084 |    126 |    241 |   3995 |   6 |  868.3 |
        Temple |     35 |     35 |      0 |      0 |      8 |   1 |   35.0 |
               +--------+--------+--------+--------+--------+-----+--------+

Top non-repeatable levels by time:
     D:2: 1219 daAuts
     D:5: 1122 daAuts
     D:3: 1118 daAuts
     D:1: 865 daAuts
     D:4: 846 daAuts
     D:6: 38 daAuts
  Temple: 35 daAuts
